 Dungeon Crawl Stone Soup version 0.28-a0-1594-ga885d4b3d6 (webtiles) character file.

Game seed: 8983228634496308312

15334 Hasart the Carver (level 11, -11/95 HPs)
             Began as a Demigod Fighter on Jan 21, 2022.
             Mangled by a skeletal warrior (21 damage)
             ... on level 10 of the Dungeon.
             The game lasted 00:27:28 (10891 turns).

Hasart the Carver (Demigod Fighter)                Turns: 10891, Time: 00:27:28

Health: -11/95     AC: 14    Str: 27    XL:     11   Next: 68%
Magic:  14/14      EV: 21    Int:  7    God:
Gold:   363        SH:  0    Dex: 21    Spells: 10/10 levels left

rFire   . . .      SeeInvis .   D - +8 great sword of Green Action {protect, rElec rN+}
rCold   . . .      Faith    .   (shield currently unavailable)
rNeg    + . .      Spirit   .   A - +0 troll leather armour
rPois   .          Reflect  .   m - +1 helmet
rElec   +          Harm     .   o - scarf {repulsion}
rCorr   .          Rampage  .   (no gloves)
Will    +++..      Rage     50% (no boots)
Stlth   ++........              B - necklace of Bloodlust {*Rage Will++ Int-3 Slay+6}
HPRegen 1.05/turn               q - +6 ring of strength
MPRegen 0.14/turn               e - +4 ring of evasion

@: under a protective aura, on berserk cooldown, slowed, repel missiles, very
slow
A: high mp 1, forlorn, divine attributes
a: no special abilities


You were on level 10 of the Dungeon.
You visited 1 branch of the dungeon, and saw 10 of its levels.

You collected 708 gold pieces.
You spent 345 gold pieces at shops.

Inventory:

Hand Weapons
 f - a +0 scimitar
 y - a +5 great sword
 D - the +8 great sword of Green Action (weapon) {protect, rElec rN+}
   (You bought it in a shop on level 7 of the Dungeon)

   It grants its wielder temporary protection when it strikes (+7 to AC).
   rElec:     It insulates you from electricity.
   rN:        It protects you from negative energy.
 O - a +1 long sword of holy wrath
Missiles
 p - 15 boomerangs of dispersal (quivered)
 L - 2 throwing nets
Armour
 c - a +0 buckler
 m - a +1 helmet (worn)
 o - a scarf of repulsion (worn)
 A - a +0 troll leather armour (worn)
 I - the +1 plate armour of Exclusion {Str+4}
   (You found it on level 8 of the Dungeon)

   Str:       It affects your strength (+4).
Jewellery
 e - a +4 ring of evasion (right hand)
 h - an amulet of reflection
 q - a +6 ring of strength (left hand)
 w - an amulet of regeneration
 B - the necklace of Bloodlust (around neck) {*Rage Will++ Int-3 Slay+6}
   (You found it on level 7 of the Dungeon)

   [amulet of nothing]

   It extends the wearer's berserk rage when killing foes.
   Int:       It affects your intelligence (-3).
   Slay:      It affects your accuracy & damage with ranged weapons and melee
   (+6).
   *Rage:     It berserks you when you make melee attacks (+50% chance).
   Will:      It greatly increases your willpower.
 J - a ring of fire
 N - a ring of fire
Wands
 b - a wand of acid (5)
 n - a wand of digging (6)
 s - a wand of flame (13)
 v - a wand of paralysis (14)
 x - a wand of mindburst (6)
Scrolls
 g - 8 scrolls of identify
 t - 3 scrolls of magic mapping
 F - 3 scrolls of teleportation {unknown}
 G - 2 scrolls of enchant armour {unknown}
 H - 2 scrolls of enchant weapon {unknown}
 K - 2 scrolls of immolation {unknown}
 P - a scroll of fear {unknown}
Potions
 a - a potion of attraction {unknown}
 d - 2 potions of might
 i - 6 potions of curing
 j - a potion of cancellation {unknown}
 k - 12 potions of degeneration
 l - a potion of lignification
 r - a potion of heal wounds
 z - 2 potions of ambrosia {unknown}
 C - a potion of brilliance {unknown}
 E - 2 potions of haste
 M - 2 potions of mutation {unknown}


   Skills:
 + Level 8.8 Fighting
 + Level 9.1 Long Blades
 - Level 5.0 Throwing
 + Level 8.0 Armour
 + Level 7.2 Dodging
 - Level 5.0 Shields
 - Level 5.0 Evocations


You had 10 spell levels left.
You didn't know any spells.
Your spell library contained the following spells:

 Spells                   Type           Power      Damage    Failure   Level
 Animate Skeleton         Necr           0%         N/A       45%         1
 Pain                     Necr           0%         1d4       45%         1
 Sting                    Tmut/Pois      0%         1d3       45%         1
 Poisonous Vapours        Pois/Air       0%         N/A       61%         2
 Dazzling Flash           Conj/Hex       0%         N/A       83%         3
 Vampiric Draining        Necr           0%         2d6       83%         3
 Olgreb's Toxic Radiance  Pois           0%         N/A       99%         4
 Summon Lightning Spire   Summ/Air       0%         N/A       99%         4
 Agony                    Necr           0%         N/A       100%        5
 Silence                  Hex/Air        0%         N/A       100%        5
 Summon Cactus Giant      Summ           0%         N/A       100%        6
 Haunt                    Necr/Summ      0%         N/A       100%        7
 Spellforged Servitor     Conj/Summ      0%         N/A       100%        7
 Storm Form               Tmut/Air       0%         N/A       100%        7
 Maxwell's Capacitive Co  Air            0%         ∞         100%        8


Dungeon Overview and Level Annotations

Branches:
Dungeon (10/15)            Temple (0/1) D:6            Lair (0/6) D:9
    Orc (0/2) D:10

Shops:
D:7 (


Innate Abilities, Weirdness & Mutations

You have an increased reservoir of magic. (+10% MP)
You shall have no god before yourself.
Your divine heritage dramatically boosts your attributes as you level up.


Message History

You start resting.
A skeletal warrior comes into view.
It is wielding a +3 vampiric long sword, wearing a +2 ring mail of poison resistance and wearing the ring of Springtime {Ice Int+3}.
A skeletal warrior is nearby!
You slash the skeletal warrior!
Your weapon exudes an aura of protection.
The skeletal warrior is moderately damaged.
The skeletal warrior hits you but does no damage.
The skeletal warrior hits you with a +3 vampiric long sword!
The skeletal warrior draws strength from your wounds!
You completely miss the skeletal warrior.
The skeletal warrior is lightly damaged.
The skeletal warrior completely misses you.
The skeletal warrior misses you.
You slash the skeletal warrior!
Your weapon exudes an aura of protection.
The skeletal warrior is moderately damaged.
The skeletal warrior misses you.
The skeletal warrior hits you with a +3 vampiric long sword!
You barely miss the skeletal warrior.
The skeletal warrior is moderately damaged.
The skeletal warrior hits you with a +3 vampiric long sword! x2
You slice the skeletal warrior!!
Your weapon exudes an aura of protection.
The skeletal warrior is heavily damaged.
The skeletal warrior completely misses you.
The skeletal warrior hits you but does no damage.
You hit the skeletal warrior but do no damage.
The skeletal warrior is heavily damaged.
The skeletal warrior hits you with a +3 vampiric long sword!
* * * LOW HITPOINT WARNING * * *
The skeletal warrior hits you with a +3 vampiric long sword!!
* * * LOW HITPOINT WARNING * * *
You hit the skeletal warrior.
The skeletal warrior is heavily damaged.
The skeletal warrior hits you but does no damage.
The skeletal warrior misses you.
You closely miss the skeletal warrior.
The skeletal warrior is heavily damaged.
The skeletal warrior hits you with a +3 vampiric long sword!!
You die...

###............##.....##...##...
#.............##.#####.##.##....
#.#######....##.## .######..
##.# #....#.## .# ### ...#
#....#.# # ... ...# #....'## #
...# #....## # # ...# #....#z##
.# ...#######..<.##@## $# ..
...............##.#####.# ...
........###.....##.....# ...
###...### #......###'### ##+
#...# #.....##.#.#.## ###.#
#...# #....##.#.#.#.## #|#.#
#>..# #...##.#.#.#.#.####.#.#
###...# #...#.#.#.#.#.#.#.#.#.#
......# #...##.#.#.#.#.##.#.#.#


You could see a skeletal warrior.

Vanquished Creatures
  A boulder beetle (D:10)
  2 two-headed ogres
  A tengu warrior (D:10)
  4 deep trolls
  A deep elf pyromancer (D:10)
  An ugly thing (D:8)
  A manticore (D:8)
  4 centaur zombies (D:10)
  An unseen horror (D:10)
  3 komodo dragons
  A freezing wraith (D:10)
  2 trolls (D:10)
  A shadow (D:10)
  A wraith (D:10)
  8 yaks
  3 wyverns
  3 basilisks
  A steam dragon (D:9)
  3 vampire mosquitoes (D:10)
  A water moccasin (D:4)
  An acid dragon (D:9)
  7 orc warriors
  A swamp drake (D:10)
  An ice beast (D:5)
  A hornet zombie (D:5)
  2 necrophages
  A sky beast (D:7)
  A black bear (D:5)
  3 ogres (D:5)
  3 centaurs
  A phantom (D:5)
  3 kobold brigands
  5 bullfrogs
  A gnoll sergeant (D:6)
  A scorpion (D:4)
  5 wights
  A howler monkey (D:8)
  A bullfrog zombie (D:3)
  4 jellies
  A hound (D:5)
  A centaur skeleton (D:6)
  7 orc priests
  A bullfrog skeleton (D:6)
  3 iguanas
  Ijyb (D:4)
  Terence (D:3)
  13 orc wizards
  A scorpion zombie (D:5)
  Natasha (thrice) (D:3)
  3 killer bee zombies
  A mummy (D:5)
  9 gnolls
  4 adders
  A howler monkey skeleton (D:7)
  2 white imps
  A worm (D:4)
  A dart slug (D:1)
  34 orcs
  13 ball pythons
  4 bats
  7 endoplasms
  5 giant cockroaches
  5 goblins
  8 hobgoblins
  4 jackals
  16 kobolds
  6 quokkas
  5 frilled lizards
  4 rats
251 creatures vanquished.

Vanquished Creatures (others)
  A basilisk (D:10)
  2 plants (D:3)
3 creatures vanquished.

Grand Total: 254 creatures vanquished

Notes
Turn   | Place    | Note
-------+----------+-------------------------------------------
     0 | D:1      | Hasart the Demigod Fighter began the quest for the Orb.
     0 | D:1      | Reached XP level 1. HP: 18/18 MP: 3/3
   168 | D:1      | Reached skill level 2 in Long Blades
   360 | D:1      | Got the Volume of Creation
   438 | D:1      | Reached XP level 2. HP: 24/25 MP: 4/4
   486 | D:1      | Reached skill level 3 in Long Blades
   797 | D:1      | Reached XP level 3. HP: 27/30 MP: 5/5
  2181 | D:3      | Noticed Natasha
  2189 | D:3      | Killed Natasha
  2190 | D:3      | Reached XP level 4. HP: 25/38 MP: 6/6
  2411 | D:3      | Reached skill level 4 in Long Blades
  2435 | D:3      | Noticed Natasha
  2450 | D:3      | Killed Natasha
  2536 | D:3      | Noticed Natasha
  2544 | D:3      | Killed Natasha
  2549 | D:3      | Reached XP level 5. HP: 31/46 MP: 7/7
  3505 | D:3      | Noticed Terence
  3514 | D:3      | Killed Terence
  3896 | D:4      | Reached skill level 5 in Long Blades
  3896 | D:4      | Reached XP level 6. HP: 40/53 MP: 8/8
  4300 | D:4      | Noticed Ijyb
  4311 | D:4      | Killed Ijyb
  4701 | D:4      | Noticed a water moccasin
  4711 | D:4      | Killed a water moccasin
  4848 | D:4      | Reached skill level 1 in Throwing
  5155 | D:5      | Entered Level 5 of the Dungeon
  5201 | D:5      | Reached skill level 1 in Dodging
  5201 | D:5      | Reached XP level 7. HP: 60/60 MP: 9/9
  5220 | D:5      | Reached skill level 5 in Fighting
  5395 | D:5      | Reached skill level 1 in Evocations
  5805 | D:5      | Saw a vision of the Shoals and the Spider Nest.
  5805 | D:5      | Noticed a merfolk
  5805 | D:5      | Noticed a merfolk siren
  5805 | D:5      | Noticed a merfolk siren
  5805 | D:5      | Noticed a sea snake
  5805 | D:5      | Noticed a merfolk
  5805 | D:5      | Noticed a merfolk siren
  5805 | D:5      | Noticed a wolf spider
  5805 | D:5      | Noticed a hornet
  5805 | D:5      | Noticed a wolf spider
  5805 | D:5      | Noticed a merfolk
  5806 | D:5      | Noticed a merfolk
  5806 | D:5      | Noticed a sea snake
  5858 | D:5      | Reached XP level 8. HP: 35/68 MP: 10/10
  6410 | D:6      | Found a staircase to the Ecumenical Temple.
  6417 | D:6      | Reached skill level 6 in Long Blades
  6698 | D:6      | Noticed a komodo dragon
  6701 | D:6      | Killed a komodo dragon
  7325 | D:7      | Noticed a deep troll
  7325 | D:7      | Noticed a deep troll
  7326 | D:7      | Noticed a deep troll
  7371 | D:6      | Killed a deep troll
  7372 | D:6      | Reached XP level 9. HP: 66/75 MP: 11/11
  7587 | D:7      | Noticed a deep troll
  7648 | D:6      | Killed a deep troll
  7649 | D:6      | Reached skill level 5 in Armour
  7649 | D:6      | Reached skill level 5 in Shields
  7764 | D:7      | Found the necklace of Bloodlust {*Rage Will++ Int-3 Slay+6}
  8012 | D:6      | Killed a deep troll
  8213 | D:7      | Found Ryagolacw's Antique Weapon Shop.
  8218 | D:7      | Bought a twisted great sword for 345 gold pieces
  8218 | D:7      | Identified the +8 great sword of Green Action {protect,
                  | rElec rN+} (You bought it in a shop on level 7 of the
                  | Dungeon)
  8234 | D:7      | Killed a deep troll
  8235 | D:7      | Reached skill level 7 in Long Blades
  8235 | D:7      | Reached XP level 10. HP: 78/84 MP: 13/13
  8848 | D:8      | Noticed a brown ugly thing
  8857 | D:8      | Killed a brown ugly thing
  8857 | D:8      | Noticed a manticore
  8858 | D:8      | Reached skill level 5 in Throwing
  8858 | D:8      | Reached skill level 5 in Dodging
  8861 | D:8      | Killed a manticore
  8873 | D:8      | Identified the +1 plate armour of Exclusion {Str+4}
  9095 | D:9      | Noticed an angel
  9113 | D:9      | Identified the +0 war axe of Extremism {holy, rN+ Str+2
                  | Int+4 Dex+4}
  9146 | D:9      | Reached skill level 5 in Evocations
  9386 | D:9      | Found a staircase to the Lair.
  9491 | D:9      | Noticed a two-headed ogre
  9496 | D:9      | Killed a two-headed ogre
  9497 | D:9      | Reached skill level 8 in Long Blades
  9923 | D:10     | Entered Level 10 of the Dungeon
 10121 | D:10     | Reached XP level 11. HP: 93/93 MP: 14/14
 10208 | D:10     | Found a staircase to the Orcish Mines.
 10379 | D:10     | Noticed a two-headed ogre
 10389 | D:10     | Killed a two-headed ogre
 10461 | D:10     | Identified the +6 quarterstaff of Heniniq {pain, rN+++
                  | rCorr Str+2 Dex-2}
 10587 | D:10     | Noticed a tengu warrior
 10588 | D:10     | Noticed a deep elf pyromancer
 10599 | D:10     | Killed a tengu warrior
 10602 | D:10     | Killed a deep elf pyromancer
 10603 | D:10     | Reached skill level 9 in Long Blades
 10739 | D:10     | Noticed an eight-headed hydra
 10828 | D:10     | Identified the +7 dagger "Waejeb" {vorpal, rPois rN++}
 10862 | D:10     | Noticed a boulder beetle
 10870 | D:10     | Killed a boulder beetle
 10883 | D:10     | Identified the ring of Springtime {Ice Int+3}
 10883 | D:10     | Noticed a skeletal warrior
 10891 | D:10     | Mangled by a skeletal warrior

Illustrated notes

Levels and vault maps discovered:
D:1:      minmay_arrival_hallway, layout_loops_corners,
          dreamdust_ecumenical_altar_angels_and_demons,
          hangedman_abyss_or_decor_lesser_grid
D:2:      layout_basic
D:3:      layout_basic, lemuel_zombie_altar_kikubaaqudgha,
          mainiacjoe_overflow_six_doors_small, grunt_temple_overflow_open,
          serial_bayou_pond_c, minmay_misc_feat_five, uniq_natasha, uniq_terence
D:4:      minmay_chambers_of_twos, layout_cave_pools, nicolae_uskayaw_suspiria,
          serial_rivers, chequers_serial_rivers_small_a,
          chequers_serial_rivers_large_b, chequers_serial_rivers_room_a,
          chequers_serial_rivers_micro_c, uniq_ijyb
D:5:      layout_gridville, grunt_ashenzari_visionary
          [grunt_ashenzari_visionary_shoals, grunt_ashenzari_visionary_spider],
          slow_altar_1
D:6:      layout_loops_ring, nicolae_wu_jian_immortal_techniques,
          amcnicky_altar_gilded, minmay_temple_entry_arrows,
          minmay_unpleasant_kobolds
D:7:      layout_cave_pools, nicolae_ru_path_of_blood, serial_shops,
          kennysheep_mini_moat, grunt_ministairs_15,
          hellmonk_guarded_unrand_vitality_bloodlust
D:8:      kennysheep_blocky_room, layout_loops_ring, hangedman_decor_growths
D:9:      layout_irregular_city, grunt_temple_overflow_order_and_chaos_1,
          lemuel_round_altar, erik_lair_dragon, kennysheep_crisscross,
          minivault_1, st_stairs_3, amcnicky_mini_corridor_feature
D:10:     minmay_the_grid_octo_2x2 [minmay_the_grid_octo_vomiting_pacman,
          minmay_the_grid_octo_teeth, minmay_the_grid_octo_checkered,
          minmay_the_grid_octo_prize_single_spiral], layout_irregular_city,
          erik_orc_1

Skill      XL: |  1  2  3  4  5  6  7  8  9 10 11 |
---------------+----------------------------------+-----
Long Blades    | 2 3 4 5 6 7 8 9 |  9.1
Fighting       | 3 4 5 6 7 8 |  8.8
Shields        | 3 4 5 |  5.0
Throwing       | 1 2 3 4 5 |  5.0
Armour         | 3 4 5 6 8 |  8.0
Dodging        | 1 2 3 4 5 7 |  7.2
Evocations     | 1 3 4 5 |  5.0

Action                   |  1- 3 |  4- 6 |  7- 9 | 10-12 || total
-------------------------+-------+-------+-------+-------++-------
Melee: Long sword        |   126 |   198 |   110 |       ||   434
       Scimitar          |       |       |    83 |       ||    83
       Great sword       |       |       |    72 |   226 ||   298
Throw: Throwing net      |       |       |     1 |       ||     1
Evoke: Wand              |       |     8 |    16 |     4 ||    28
  Use: Scroll            |       |       |    10 |     1 ||    11
 Stab: Held in net/web   |       |       |     1 |       ||     1
       Paralysed         |       |       |     9 |       ||     9
       Distracted        |       |       |       |     1 ||     1
       Sleeping          |       |       |       |     1 ||     1
Armor: Scale mail        |    49 |   107 |    80 |       ||   236
       Troll leather arm |       |       |    20 |    73 ||    93
Dodge: Dodged            |    48 |    61 |   203 |   242 ||   554
       Repelled          |       |     3 |     2 |     2 ||     7
Block: Buckler           |    49 |   121 |    46 |       ||   216
       Reflection        |     1 |     4 |       |       ||     5

Table legend: (Time is in decaauts)
 A = Elapsed time spent in this place.
 B = Non-inter-level travel time spent in this place.
 C = Inter-level travel time spent in this place.
 D = Time resting spent in this place.
 E = Time spent auto-exploring this place.
 F = Levels seen in this place.
 G = Mean time per level.
                   A        B        C        D        E       F      G
               +--------+--------+--------+--------+--------+-----+--------+
         Total |  11358 |  11002 |    356 |   1253 |   7090 |  10 | 1135.8 |
       Dungeon |  11358 |  11002 |    356 |   1253 |   7090 |  10 | 1135.8 |
               +--------+--------+--------+--------+--------+-----+--------+

Top non-repeatable levels by time:
     D:4: 1634 daAuts
     D:3: 1438 daAuts
     D:1: 1276 daAuts
     D:5: 1244 daAuts
     D:6: 1184 daAuts
    D:10: 1083 daAuts
     D:9: 937 daAuts
     D:2: 923 daAuts
     D:7: 899 daAuts
     D:8: 737 daAuts
